 Dungeon Sprint DCSS version 0.22-a0-848-ge9e22a0 (webtiles) character file.

7688 Kidiri the Eclecticist (level 11, -3/59 HPs)
             Began as a Deep Elf Fire Elementalist on July 27, 2018.
             Was the Champion of Vehumet.
             Slain by Urug
             ... wielding a +2 vampiric demon trident
              (20 damage)
             ... in the Dungeon (Sprint III: "The Ten Rune Challenge").
             The game lasted 00:11:31 (2902 turns).

Kidiri the Eclecticist (Deep Elf Fire Elementalist) Turns: 2902, Time: 00:11:32

Health: -3/59      AC:  4    Str:  5    XL:     11   Next: 0%
Magic:  20/33      EV: 18    Int: 24    God:    Vehumet [******]
Gold:   49         SH:  0    Dex: 15    Spells: 2/42 levels left

rFire    . . .     SeeInvis .   b - +0 dagger
rCold    . . .     Gourm    .   (no shield)
rNeg     . . .     Faith    .   a - +0 robe
rPois    .         Spirit   .   (no helmet)
rElec    .         Reflect  .   (no cloak)
rCorr    .         Harm     .   (no gloves)
MR       ++...     NoTele   +   (no boots)
Stlth    ++........             (no amulet)
HPRegen  0.19/turn              (no ring)
MPRegen  0.23/turn              (no ring)

@: no status effects
A: iridescent scales 1, frail 1, magic resistance 1, no potion heal 1
a: Renounce Religion


You were in the Dungeon.
You worshipped Vehumet.
Vehumet was exalted by your worship.
You were not hungry.

You visited 1 branch You collected 49 gold pieces.

Inventory:

Hand Weapons
 b - a +0 dagger (weapon)
Armour
 a - a +0 robe (worn)
Scrolls
 i - a scroll of blinking
 l - a scroll of torment
 m - a scroll of identify
 n - 2 scrolls of remove curse
 o - a scroll of immolation
 p - a scroll of amnesia
Potions
 d - 4 potions of curing
 e - 2 potions of heal wounds
 f - 2 potions of haste
 g - 2 potions of magic
 h - a potion of berserk rage
 q - 2 potions of flight
Comestibles
 c - 14 rations
 j - 5 chunks of flesh


   Skills:
 + Level 6.4 Fighting
 + Level 7.7 Short Blades
 + Level 6.5 Armour
 + Level 9.5 Dodging
 - Level 2.4 Stealth
 * Level 16.2 Spellcasting
 + Level 10.2 Conjurations
 + Level 10.7 Fire Magic
 + Level 3.0 Ice Magic
 + Level 7.6 Air Magic
 + Level 5.6 Earth Magic
 + Level 8.4 Poison Magic


You had 2 spell levels left.
You knew the following spells:

 Your Spells              Type           Power        Failure   Level  Hunger
a - Flame Tongue          Conj/Fire      #####        1%          1    None
b - Throw Flame           Conj/Fire      ######       1%          2    None
c - Conjure Flame         Conj/Fire      ######..     1%          3    None
d - Inner Flame           Hex/Fire       #####...     1%          3    None
e - Sticky Flame          Conj/Fire      ######..     1%          4    None
f - Fireball              Conj/Fire      ######....   1%          5    #......
g - Bolt of Cold          Conj/Ice       ######....   8%          6    ####...
h - Stone Arrow           Conj/Erth      ######       1%          3    None
i - Lee's Rapid Deconstr  Erth           #####.....   2%          5    #......
j - Mephitic Cloud        Conj/Pois/Air  ######..     1%          3    None
k - Olgreb's Toxic Radia  Pois           ######..     1%          4    None
l - Magic Dart            Conj           ####         1%          1    None

Your spell library contained the following spells:

 Spells                   Type           Power        Failure   Level  Hunger
 Slow                     Hex            ###.....     4%          2    None
 Blink                    Tloc           N/A          4%          2    None
 Call Imp                 Summ           ###.....     4%          2    None


Dungeon Overview and Level Annotations

Branches:
Dungeon (1/1)

Altars:
Cheibriados
Dithmenos
Elyvilon
Fedhas
Gozag
Hepliaklqana
Kikubaaqudgha
Makhleb
Nemelex Xobeh
Okawaru
Qazlal
Ru
Sif Muna
Trog
Uskayaw
Vehumet
Wu Jian
Xom
Yredelemnul
Zin
The Shining One
Beogh
Jiyva
Lugonu

Annotations:
D exclusion: 2 doors, Urug


Innate Abilities, Weirdness & Mutations

You are partially covered in iridescent scales. (AC +2)
You are frail. (-10% HP)
You are resistant to hostile enchantments. (MR+)
Potions are less effective at restoring your health.


Message History

You see here a javelin.
Your toxic aura wanes.
You start resting.
Urug is too close now for your liking.
Urug looks more healthy.
Urug misses you.
Casting: Olgreb's Toxic Radiance (safe; 1% risk of failure)
Confirm with . or Enter, or press ? or * to list all spells.
Aiming: Sticky Flame (safe; 1% risk of failure)
Press: ? - help, Shift-Dir - straight line, f/p - Urug
Aim: Urug, wielding a vampiric demon trident and wearing a chain mail (moderately wounded)
The sticky flame hits Urug.
Urug is moderately wounded.
Urug is covered in liquid flames!
Urug burns!
Urug hits you with a vampiric demon trident!!
* * * LOW HITPOINT WARNING * * *
Urug draws strength from your wounds!
Unknown command.
Urug burns!
Urug hits you from afar with a vampiric demon trident!!
You die...

###....#___#__+..§#§#..§#...#)))#
▓▓▓▓▓▓▓▓▓▓▓▓▓▓▓▓▓▓▓▓▓▓▓▓▓▓▓▓▓▓#
♣♣≈≈≈........≈≈≈...#
+♣♣'♣≈≈≈≈≈≈≈≈≈≈≈≈♣♣P.'
#.≈♣♣♣♣♣♣♣♣♣♣♣♣♣♣♣♣PP# #..♣♣ ♣♣♣#
###'♣♣♣♣♣ ♣♣♣♣.##.o## ♣...##@##.#
♣♣.##(##†## ♣..#†##...#
♣♣.##.##.o# ♣♣.##.# ### ♣.....#
#######


You could see Urug (burning).

Vanquished Creatures
  Snorg (D)
  A centaur warrior (D)
  An unseen horror (D)
  A lindwurm (D)
  A deep elf mage (D)
  2 spiny frogs (D)
  A komodo dragon (D)
  A queen bee (D)
  3 wandering mushrooms (D)
  2 tyrant leeches (D)
  3 redbacks (D)
  A shadow (D)
  A spatial vortex (D)
  A necrophage (D)
  2 centaurs (D)
  An earth elemental (D)
  A water elemental (D)
  32 killer bees (D)
  A jelly (D)
  A wizard (D)
  Jessica (D)
  A necromancer (D)
  3 humans (D)
  A kobold demonologist (D)
  An ooze (D)
  A phantom (D)
  2 rats (D)
68 creatures vanquished.

Vanquished Creatures (others)
  2 draconian scorchers (D)
  A hydra (D)
  6 hellions (D)
  3 yaktaurs (D)
  An electric eel (D)
  7 plants (D)
20 creatures vanquished.

Grand Total: 88 creatures vanquished

Notes
Turn   | Place    | Note
-------+----------+-------------------------------------------
     0 | D        | Kidiri the Deep Elf Fire Elementalist began the quest for the Orb.
     0 | D        | Reached XP level 1. HP: 10/10 MP: 6/6
     9 | D        | Reached skill level 4 in Spellcasting
    88 | D        | Noticed Jessica
    90 | D        | Killed a hellion
    90 | D        | Killed a hellion
    91 | D        | Killed a hellion
    91 | D        | Killed a hellion
    92 | D        | Killed Jessica
    92 | D        | Reached skill level 6 in Spellcasting
    92 | D        | Reached XP level 2. HP: 4/15 MP: 6/11
    92 | D        | Reached XP level 3. HP: 5/19 MP: 6/12
    92 | D        | Killed a hellion
    96 | D        | Learned a level 2 spell: Throw Flame
   100 | D        | Learned a level 3 spell: Conjure Flame
   104 | D        | Learned a level 3 spell: Inner Flame
   108 | D        | Killed a yaktaur
   149 | D        | Killed a hellion
   175 | D        | Killed a white draconian scorcher
   175 | D        | Killed a white draconian scorcher
   373 | D        | Reached skill level 7 in Spellcasting
   373 | D        | Reached skill level 5 in Fire Magic
   461 | D        | Killed a seven-headed hydra
   494 | D        | Gained mutation: Your body sometimes deteriorates upon taking damage. [potion of mutation]
   494 | D        | Gained mutation: You have an increased reservoir of magic. (+10% MP) [potion of mutation]
   495 | D        | Lost mutation: Your body sometimes deteriorates upon taking damage. [potion of mutation]
   495 | D        | Lost mutation: You have an increased reservoir of magic. (+10% MP) [potion of mutation]
   495 | D        | Gained mutation: You are dopey. (Int -2) [potion of mutation]
   495 | D        | Gained mutation: You evolve. [potion of mutation]
   496 | D        | Lost mutation: You are dopey. (Int -2) [potion of mutation]
   496 | D        | Lost mutation: You evolve. [potion of mutation]
   496 | D        | Gained mutation: Potions are less effective at restoring your health. [potion of mutation]
   496 | D        | Gained mutation: You are partially covered in iridescent scales. (AC +2) [potion of mutation]
   496 | D        | Gained mutation: You are frail. (-10% HP) [potion of mutation]
   496 | D        | Gained mutation: You are resistant to hostile enchantments. (MR+) [potion of mutation]
   512 | D        | Noticed a water elemental
   516 | D        | Killed a water elemental
   516 | D        | Reached skill level 9 in Spellcasting
   516 | D        | Reached skill level 5 in Conjurations
   516 | D        | Reached XP level 4. HP: 21/21 MP: 7/17
   527 | D        | Learned a level 4 spell: Sticky Flame
   582 | D        | Found a radiant altar of Vehumet.
   583 | D        | Found a deep blue altar of Sif Muna.
   583 | D        | Found an ancient bone altar of Kikubaaqudgha.
   583 | D        | Noticed a wizard
   585 | D        | Killed a wizard
   585 | D        | Reached XP level 5. HP: 25/25 MP: 14/19
   588 | D        | Reached skill level 10 in Spellcasting
   599 | D        | Became a worshipper of Vehumet
   606 | D        | Learned a level 5 spell: Fireball
   610 | D        | Learned a level 3 spell: Mephitic Cloud
   612 | D        | Learned a level 1 spell: Magic Dart
   677 | D        | Found a glowing silver altar of Zin.
   678 | D        | Found a glowing golden altar of the Shining One.
   678 | D        | Found a white marble altar of Elyvilon.
   678 | D        | Noticed a deep elf mage
   686 | D        | Killed a deep elf mage
   686 | D        | Reached skill level 11 in Spellcasting
   686 | D        | Reached XP level 6. HP: 4/32 MP: 9/22
   686 | D        | Reached XP level 7. HP: 5/36 MP: 9/24
   951 | D        | Found a hide-covered altar of Uskayaw.
   951 | D        | Found a roughly hewn altar of Beogh.
   951 | D        | Found an iron altar of Okawaru.
   951 | D        | Found a bloodstained altar of Trog.
   951 | D        | Found an ornate altar of the Wu Jian Council.
   951 | D        | Noticed a human
   951 | D        | Noticed a human
   960 | D        | Killed a human
   960 | D        | Reached skill level 5 in Dodging
   960 | D        | Reached skill level 12 in Spellcasting
   960 | D        | Killed a human
   960 | D        | Reached * piety under Vehumet
   960 | D        | Offered knowledge of Freeze by Vehumet.
  1034 | D        | Found a basalt altar of Yredelemnul.
  1034 | D        | Found a shadowy altar of Dithmenos.
  1034 | D        | Found a sacrificial altar of Ru.
  1102 | D        | Noticed a shadow
  1105 | D        | Killed a shadow
  1105 | D        | Reached ** piety under Vehumet
  1105 | D        | Offered knowledge of Searing Ray by Vehumet.
  1105 | D        | Reached XP level 8. HP: 39/41 MP: 18/26
  1206 | D        | Found a blossoming altar of Fedhas.
  1206 | D        | Found a stormy altar of Qazlal.
  1207 | D        | Found a snail-covered altar of Cheibriados.
  1207 | D        | Found a burning altar of Makhleb.
  1207 | D        | Found a hazy altar of Hepliaklqana.
  1207 | D        | Found a shimmering altar of Xom.
  1207 | D        | Found an opulent altar of Gozag.
  1207 | D        | Found a sparkling altar of Nemelex Xobeh.
  1207 | D        | Found a corrupted altar of Lugonu.
  1207 | D        | Found a viscous altar of Jiyva.
  1305 | D        | Killed a yaktaur
  1426 | D        | Noticed Snorg
  1440 | D        | Killed Snorg
  1440 | D        | Offered knowledge of Stone Arrow by Vehumet.
  1440 | D        | Reached skill level 5 in Short Blades
  1440 | D        | Reached skill level 13 in Spellcasting
  1440 | D        | Reached skill level 5 in Air Magic
  1440 | D        | Reached skill level 5 in Poison Magic
  1440 | D        | Reached XP level 9. HP: 43/46 MP: 13/28
  1445 | D        | Learned a level 3 spell: Stone Arrow
  1535 | D        | Reached *** piety under Vehumet
  1679 | D        | Noticed a centaur warrior
  1690 | D        | Killed a centaur warrior
  1690 | D        | Offered knowledge of Olgreb's Toxic Radiance by Vehumet.
  1690 | D        | Reached skill level 5 in Fighting
  1690 | D        | Reached skill level 14 in Spellcasting
  1737 | D        | Learned a level 4 spell: Olgreb's Toxic Radiance
  1751 | D        | Noticed an unseen horror
  1762 | D        | Killed an unseen horror
  1762 | D        | Reached **** piety under Vehumet
  1762 | D        | Reached skill level 5 in Armour
  1902 | D        | Offered knowledge of Lee's Rapid Deconstruction by Vehumet.
  1902 | D        | Reached ***** piety under Vehumet
  1903 | D        | Reached XP level 10. HP: 53/53 MP: 28/30
  1904 | D        | Reached skill level 15 in Spellcasting
  1904 | D        | Reached ****** piety under Vehumet
  1905 | D        | Reached skill level 10 in Fire Magic
  1992 | D        | Learned a level 5 spell: Lee's Rapid Deconstruction
  2037 | D        | Offered knowledge of Bolt of Cold by Vehumet.
  2064 | D        | Learned a level 6 spell: Bolt of Cold
  2088 | D        | Reached skill level 1 in Ice Magic
  2144 | D        | Noticed a spiny frog
  2144 | D        | Noticed a spiny frog
  2148 | D        | Killed a spiny frog
  2149 | D        | Reached skill level 5 in Earth Magic
  2152 | D        | Killed a spiny frog
  2152 | D        | Reached skill level 10 in Conjurations
  2479 | D        | Reached skill level 16 in Spellcasting
  2484 | D        | Offered knowledge of Poison Arrow by Vehumet.
  2744 | D        | Noticed a lindwurm
  2749 | D        | Killed a lindwurm
  2863 | D        | Reached XP level 11. HP: 59/59 MP: 33/33
  2879 | D        | Noticed Urug
  2902 | D        | Slain by Urug

Vault maps used:
D:        dungeon_sprint_mu

Skill      XL: |  1  2  3  4  5  6  7  8  9 10 |
---------------+-------------------------------+-----
Spellcasting   | 6 9 11 12 13 14 16 | 16.2
Conjurations   | 3 5 6 7 8 9 10 | 10.2
Fire Magic     | 4 6 7 8 9 10 | 10.7
Fighting       | 2 3 4 5 6 |  6.4
Short Blades   | 3 4 5 6 7 |  7.7
Armour         | 2 3 4 5 6 |  6.5
Dodging        | 4 5 7 8 9 |  9.5
Air Magic      | 3 4 5 6 7 |  7.6
Poison Magic   | 3 4 5 7 8 |  8.4
Earth Magic    | 3 5 |  5.6
Ice Magic      | 3 |  3.0
Stealth        | |  2.4

Action                   |  1- 3 |  4- 6 |  7- 9 | 10-12 || total
-------------------------+-------+-------+-------+-------++-------
Melee: Club              |     2 |       |       |       ||     2
       Dagger            |       |       |       |     1 ||     1
 Cast: Flame Tongue      |    22 |     2 |    35 |    35 ||    94
       Conjure Flame     |     2 |       |     3 |     2 ||     7
       Sticky Flame      |       |     4 |     9 |     7 ||    20
       Mephitic Cloud    |       |     2 |     3 |     2 ||     7
       Inner Flame       |       |       |     4 |     2 ||     6
       Fireball          |       |       |     2 |       ||     2
       Stone Arrow       |       |       |    10 |       ||    10
       Olgreb's Toxic Ra |       |       |     1 |     5 ||     6
       Bolt of Cold      |       |       |       |     4 ||     4
  Use: Scroll            |     3 |       |       |       ||     3
       Potion            |     3 |       |       |       ||     3
 Stab: Sleeping          |       |       |       |     1 ||     1
  Eat: Chunk             |       |       |     1 |       ||     1
       Ration            |       |       |     1 |     1 ||     2
Armor: Robe              |       |     3 |     2 |     1 ||     6
Dodge: Dodged            |     2 |     9 |    10 |    14 ||    35

Table legend:
 A = Spawn XP
 B = Non-spawn XP
 C = Spawn XP percentage of total XP
 D = Spawn monster count
 E = Non-spawn monster count
 F = Spawn count percentage of total count
 G = Total turns spent on level
                    A         B        C        D         E        F      G
               +---------+---------+-------+---------+---------+-------+---------
         Total |       0 |   10984 |   0.0 |       0 |      68 |   0.0 |  2902
               +---------+---------+-------+---------+---------+-------+---------
             D |       0 |   10984 |   0.0 |       0 |      68 |   0.0 |  2902
               +---------+---------+-------+---------+---------+-------+---------
